Map: Ultralove

Players

Sindyr - Winner!

  • Race: Zerg Zerg
  • League: Master
  • Spawn Location: 1:00

bouldeRico

  • Race: Protoss Protoss
  • League: Gold
  • Spawn Location: 7:00

VOD

Have the link to the VOD?

Description

Time

  • Played on: Nov. 4, 2025, 5:15 p.m.
  • Length: 16:31
Show
View Real Time Build Order
Export as new Build Order

Sindyr Zerg - Winner!

Build Orders: Hatch First, Roach Hydra 

Get SALT Encoding   

  12  0:03  Drone  
  13  0:13  Drone  
  14  0:18  Overlord  
  14  0:26  Extractor, Drone  
  15  0:37  Drone x2  
  17  0:53  Hatchery  
  16  0:58  Drone  
  16  0:59  Drone  
  16  1:02  Extractor  
  18  1:21  Spawning Pool  
  18  1:23  Hatchery  
  16  1:32  Drone x3  
  19  1:46  Drone  
  20  1:57  Hatchery  
  19  2:06  Evolution Chamber  
  19  2:07  Drone  
  19  2:12  Overlord  
  19  2:24  Queen  
  19  2:28  Drone  
  22  2:34  Zerg Missile Weapons Level 1  
  22  2:45  Queen  
  22  2:48  Drone  
  25  2:51  Drone  
  25  2:54  Drone  
  27  3:02  Extractor  
  26  3:06  Lair  
  26  3:11  Drone  
  27  3:13  Drone  
  28  3:21  Queen  
  30  3:30  Drone x3  
  30  3:33  Drone  
  34  3:43  Roach Warren  
  34  3:45  Drone  
  34  3:46  Drone  
  34  3:48  Drone  
  36  3:53  Metabolic Boost  
  36  4:02  Queen  
  38  4:15  Hydralisk Den  
  37  4:18  Evolution Chamber, Drone  
  37  4:19  Drone x2  
  37  4:21  Drone  
  37  4:22  Drone  
  41  4:27  Overlord  
  41  4:33  Zerg Missile Weapons Level 2  
  41  4:38  Glial Reconstitution  
  41  5:05  Zerg Ground Armor Level 1  
  41  5:10  Drone x10, Extractor  
  41  5:11  Extractor  
  49  5:14  Overlord x2  
  49  5:36  Drone x2  
  51  5:50  Infestation Pit  
  51  5:51  Hydralisk Den  
  49  6:19  Hatchery  
  49  6:22  Muscular Augments  
  49  6:23  Grooved Spines  
  48  6:27  Hive  
  48  6:28  Drone x6  
  54  6:47  Drone x6  
  55  6:48  Drone x6  
  55  6:49  Overlord x7  
  66  7:01  Overseer  
  66  7:02  Pneumatized Carapace  
  66  7:07  Extractor  
  65  7:11  Extractor  
  65  7:14  Zerg Ground Armor Level 2  
  64  7:42  Hatchery  
  63  7:52  Drone x2  
  63  7:53  Drone x7  
  63  7:55  Overlord x6  
  63  7:56  Overlord x2, Hatchery  
  71  8:07  Queen  
  73  8:16  Hydralisk  
  73  8:17  Hydralisk x8  
  91  8:39  Hydralisk x2, Roach x8  
  91  8:40  Roach  
  113  8:41  Roach  
  113  8:43  Roach  
  113  8:45  Roach  
  113  8:46  Roach  
  121  8:48  Roach  
  121  8:50  Roach  
  125  8:58  Queen  
  127  9:31  Zerg Missile Weapons Level 3, Zerg Ground Armor Level 3  
  127  9:48  Extractor  
  127  9:49  Drone  
  127  9:50  Extractor, Drone x19  
  146  10:00  Drone x12  
  146  10:01  Drone x4  
  161  10:26  Hydralisk  
  161  10:27  Hydralisk x15  
  193  10:30  Hydralisk x2  
  197  10:37  Extractor  
  197  10:41  Extractor  
  197  10:42  Roach  
  197  10:43  Roach  
  199  10:56  Overlord x2  
  181  11:05  Hydralisk x9  
  181  11:07  Hydralisk x2, Extractor  
  181  11:08  Hydralisk  
  181  11:09  Hydralisk x2, Extractor  
  181  11:10  Hydralisk x2  
  195  11:12  Overlord x3  
  151  11:34  Hydralisk  
  151  11:35  Hydralisk x9  
  151  11:39  Unknown  
  143  11:51  Hydralisk x9  
  141  12:23  Overseer x2  
  141  12:25  Overlord x2  
  141  12:37  Hydralisk x5  
  141  12:38  Hydralisk x20  
  141  12:41  Hydralisk  
  193  12:44  Overlord  
  193  13:07  Hydralisk  
  193  13:08  Hydralisk x2  
  199  13:41  Hydralisk x3  
  179  14:19  Overlord x2  
  179  14:20  Hydralisk x13  
  179  14:21  Hydralisk x2  
  173  14:39  Hydralisk  
  173  14:40  Hydralisk x14  
  165  15:01  Hydralisk x13, Drone  
  165  15:02  Hydralisk x5  
  200  15:11  Overlord x2  
  172  15:29  Hydralisk x10  
  172  15:30  Hydralisk x6  
  172  15:31  Hydralisk  
  172  15:32  Hydralisk x2  
  190  15:39  Hydralisk  
  190  15:40  Hydralisk x10  
Show
View Real Time Build Order
Export as new Build Order

bouldeRico Protoss 

Build Orders: Carriers 

Get SALT Encoding   

  12  0:17  Probe  
  13  0:25  Probe  
  13  0:28  Pylon  
  13  0:35  Probe  
  14  0:42  Assimilator  
  15  0:47  Gateway  
  15  0:50  Probe  
  15  0:55  Pylon  
  16  0:59  Probe  
  17  1:07  Probe  
  18  1:16  Probe  
  18  1:18  Gateway  
  19  1:27  Assimilator  
  19  1:29  Probe  
  20  1:36  Cybernetics Core  
  20  1:41  Probe  
  21  1:53  Probe  
  22  1:55  Forge  
  22  2:05  Probe  
  22  2:07  Warp Gate  
  23  2:11  Stalker x2  
  27  2:23  Probe  
  28  2:34  Pylon  
  28  2:41  Stargate  
  28  2:42  Stalker  
  28  2:49  Probe  
  31  2:54  Pylon  
  31  3:00  Pylon  
  31  3:14  Photon Cannon  
  31  3:21  Void Ray  
  35  3:37  Robotics Facility  
  35  3:39  Probe  
  36  3:56  Shield Battery  
  36  3:59  Void Ray  
  40  4:21  Nexus  
  40  4:37  Void Ray  
  44  4:55  Observer  
  44  4:56  Photon Cannon  
  45  5:10  Void Ray  
  45  5:12  Pylon  
  45  5:14  Shield Battery  
  49  5:23  Assimilator  
  49  5:29  Pylon  
  49  5:30  Probe, Assimilator  
  50  5:38  Probe  
  51  5:48  Stargate, Probe  
  52  6:05  Probe  
  53  6:13  Pylon  
  53  6:18  Probe, Protoss Air Weapons Level 1  
  54  6:21  Fleet Beacon  
  54  6:29  Probe  
  55  6:34  Photon Cannon  
  55  6:37  Probe  
  55  6:38  Photon Cannon  
  55  6:45  Probe  
  56  6:49  Probe  
  58  7:01  Probe  
  58  7:03  Photon Cannon  
  59  7:13  Carrier  
  65  7:21  Probe, Carrier  
  72  7:46  Stargate  
  72  8:00  Probe  
  72  8:05  Probe  
  74  8:07  Carrier  
  74  8:10  Shield Battery  
  74  8:12  Probe  
  81  8:24  Pylon  
  81  8:35  Carrier  
  81  8:38  Carrier  
  87  8:43  Pylon  
  93  8:58  Protoss Air Armor Level 1  
  93  9:02  Pylon  
  93  9:10  Carrier, Observer  
  93  9:16  Pylon  
  100  9:25  Assimilator  
  100  9:28  Shield Battery  
  100  9:34  Photon Cannon  
  100  9:39  Assimilator  
  100  9:41  Pylon  
  100  10:00  Nexus  
  100  10:06  Shield Battery  
  100  10:26  Stargate  
  100  10:39  Carrier  
  84  11:37  Carrier  
  84  11:39  Carrier  
  96  11:40  Carrier x2  
  102  12:04  Probe  
  103  12:12  Probe  
  103  12:21  Observer  
  103  12:22  Probe  
  105  12:23  Anion Pulse-Crystals  
  106  12:31  Probe  
  106  12:34  Carrier x2  
  107  12:39  Observer, Probe  
  121  12:48  Probe  
  121  12:49  Pylon  
  122  13:00  Probe  
  122  13:02  Assimilator  
  122  13:05  Pylon  
  123  13:10  Carrier  
  123  13:12  Probe  
  124  13:16  Pylon  
  130  13:22  Carrier  
  130  13:24  Probe  
  137  13:46  Shield Battery  
  137  13:51  Photon Cannon  
  137  13:58  Photon Cannon  
  137  14:00  Shield Battery  
  112  15:09  Pylon  
  112  15:11  Nexus  
  112  15:12  Shield Battery  
  112  15:14  Shield Battery  
  94  15:44  Photon Cannon  
  94  15:46  Photon Cannon  
  94  16:08  Nexus  
Tags
 
Matchup
PvZ
Replay Pack
Multiplayer
Spawn Locations
Cross Positions
Add a new tag
Caveats
  • Supply blocks, unpowered buildings, or Contaminate may cause inaccurate times.
  • Supply counts are checked every 10 seconds.